 Dungeon Crawl Stone Soup version 0.27.1-33-g824d729ab1 (webtiles) character file.

Game seed: 7136185798453434307

63238 pkoi the Brawler (level 14, -14/125 HPs)
             Began as a Green Draconian Gladiator on Nov 30, 2021.
             Was a High Priest of Dithmenos.
             Killed from afar by a fire dragon (24 damage)
             ... with a blast of flame
             ... on level 6 of the Lair of Beasts.
             The game lasted 00:51:42 (41630 turns).

pkoi the Brawler (Green Draconian Gladiator)       Turns: 41630, Time: 00:51:42

Health: -14/125    AC: 12    Str: 16    XL:     14   Next: 67%
Magic:  0/20       EV: 19    Int: 14    God:    Dithmenos [*****.]
Gold:   1671       SH:  0    Dex: 19    Spells: 18/21 levels left

rFire    . . .     SeeInvis .     - Unarmed
rCold    . . .     Faith    .   (no shield)
rNeg     + . .     Spirit   +   (armour unavailable)
rPois    +         Reflect  .   a - +1 hat
rElec    .         Harm     .   (no cloak)
rCorr    .         Rampage  .   L - +1 pair of gloves
Will     +....                  p - +0 pair of boots
Stlth    +++++.....             c - amulet of guardian spirit
HPRegen  0.30/turn              z - ring of positive energy
MPRegen  0.17/turn              D - +6 ring of dexterity

@: mighty, about to teleport, wreathed by umbra
A: breathe noxious fumes, AC +8, unfitting armour, stinger 1, poison resistance,
cold-blooded
a: Breathe Noxious Fumes, Renounce Religion, Shadow Step, Shadow Form


You were on level 6 of the Lair of Beasts.
You worshipped Dithmenos.
Dithmenos was extremely pleased with you.
You visited 3 branches of the dungeon, and saw 19 of its levels.

You collected 1671 gold pieces.

Inventory:

Hand Weapons
 F - the +5 quarterstaff "Hessuqia" {holy, Will+ Str+2}
   (You found it on level 1 of the Lair of Beasts)

   It has been blessed by the Shining One to cause great damage to the undead
   and demons.
   Str:       It affects your strength (+2).
   Will:      It increases your willpower.
Missiles
 b - 6 throwing nets
 l - 34 boomerangs
 C - a curare-tipped dart
Armour
 a - a +1 hat (worn)
 p - a +0 pair of boots (worn)
 L - a +1 pair of gloves (worn)
Jewellery
 c - an amulet of guardian spirit (around neck)
 f - an amulet of the acrobat
 t - the ring "Ypnen" {Ice Will+ Int-5 Slay+2}
   (You found it on level 5 of the Lair of Beasts)

   [ring of ice]

   It enhances your ice magic.
   Int:       It affects your intelligence (-5).
   Slay:      It affects your accuracy & damage with ranged weapons and melee
   (+2).
   rF:        It makes you vulnerable to fire.
   rC:        It protects you from cold.
   Will:      It increases your willpower.
 u - a ring of protection from cold
 z - a ring of positive energy (left hand)
 D - a +6 ring of dexterity (right hand)
 I - a ring of flight
 J - a ring of willpower
Wands
 k - a wand of flame (22)
 s - a wand of paralysis (19)
 v - a wand of charming (26)
 B - a wand of digging (9)
 H - a wand of acid (5)
 M - a wand of mindburst (17)
Scrolls
 e - 6 scrolls of teleportation
 w - 4 scrolls of fear
 x - 3 scrolls of enchant weapon
 y - 7 scrolls of identify
 G - 3 scrolls of enchant armour
 K - a scroll of blinking
Potions
 d - 6 potions of curing
 g - 2 potions of heal wounds
 h - 6 potions of lignification
 i - 4 potions of magic
 j - 3 potions of attraction
 m - 3 potions of cancellation
 n - a potion of might
 o - 2 potions of haste
 q - a potion of berserk rage
 r - 2 potions of ambrosia
 A - 4 potions of flight
 E - 3 potions of brilliance


   Skills:
 - Level 11.9 Fighting
 - Level 1.7 Throwing
 - Level 10.4 Dodging
 - Level 6.0 Stealth
 + Level 16.0 Unarmed Combat
 - Level 4.0 Spellcasting
 + Level 10.0 Summonings
 - Level 4.8 Transmutations
 + Level 3.1 Invocations


You had 18 spell levels left.
You knew the following spells:

 Your Spells              Type           Power      Damage    Failure   Level
b - Call Canine Familiar  Summ           30%        N/A       1%          3

Your spell library contained the following spells:

 Spells                   Type           Power      Damage    Failure   Level
 Wereblood                Tmut           16%        N/A       4%          2
 Summon Guardian Golem    Hex/Summ       16%        N/A       8%          3
 Corona                   Hex            2%         N/A       19%         1
 Ensorcelled Hibernation  Hex/Ice        4%         N/A       28%         2
 Sublimation of Blood     Necr           1%         N/A       28%         2
 Gell's Gravitas          Tloc           1%         N/A       50%         3
 Inner Flame              Hex/Fire       2%         N/A       50%         3
 Portal Projectile        Hex/Tloc       4%         N/A       50%         3
 Teleport Other           Tloc           2%         N/A       50%         3
 Tukima's Dance           Hex            2%         N/A       50%         3
 Cause Fear               Hex            1%         N/A       88%         4
 Leda's Liquefaction      Hex/Erth       1%         N/A       88%         4
 Summon Hydra             Summ           15%        N/A       95%         7
 Conjure Ball Lightning   Conj/Air       1%         3x3d6     100%        6
 Dispersal                Tloc           1%         N/A       100%        6
 Orb of Destruction       Conj           1%         N/A       100%        7
 Spellforged Servitor     Conj/Summ      8%         N/A       100%        7
 Discord                  Hex            1%         N/A       100%        8
 Disjunction              Tloc           1%         N/A       100%        8


Dungeon Overview and Level Annotations

Branches:
Dungeon (12/15)            Temple (1/1) D:7            Lair (6/6) D:11
 Shoals (0/4) Lair:4        Snake (0/4) Lair:3        Slime (0/5) Lair:6
    Orc (0/2) D:10

Altars:
Ashenzari
Cheibriados
Dithmenos
Elyvilon
Fedhas
Gozag
Hepliaklqana
Kikubaaqudgha
Makhleb
Nemelex Xobeh
Okawaru
Qazlal
Ru
Sif Muna
Trog
Uskayaw
Vehumet
Wu Jian
Xom
Yredelemnul
Zin
The Shining One
Jiyva

Shops:
D:3 *   D:6 *

Annotations:
D:7 3 runed translucent doors, UnfinishedLine's ghost, novice FeVM; pkoi's ghost, novice DrMo; spaced's ghost, novice GrMo; unlimited1921's ghost, novice TrFi
Lair:6 1 runed translucent door, jjjjhere's ghost, journeyman MiBe


Innate Abilities, Weirdness & Mutations

You can breathe blasts of noxious fumes.
Your lurid green scales are hard. (AC +8)
You cannot fit into any form of body armour.
Your tail ends in a poisonous barb.
Your system is resistant to poisons. (rPois)
You are cold-blooded and may be slowed by cold attacks.


Message History

The fire dragon tramples you.
You hold your ground!
Your hound splashes around in the water.
You turn to flesh and can move again.
Unknown command.
You hit the basilisk. You tail-slap the basilisk. You punch the basilisk!
The basilisk is heavily wounded.
The basilisk misses you.
Your hound barely misses the fire dragon.
The fire dragon closely misses you. The fire dragon completely misses you.
The fire dragon closely misses you.
Unknown command.
You punch the basilisk! You tail-slap the basilisk!
You kill the basilisk!
Dithmenos accepts your kill.
Your hound closely misses the fire dragon.
Your Summonings skill increases to level 10!
Unknown command.
You hit the fire dragon but do no damage.
The fire dragon is lightly wounded.
Your shadow hits the fire dragon but does no damage.
The fire dragon bites you.
* * * LOW HITPOINT WARNING * * *
The fire dragon claws you.
* * * LOW HITPOINT WARNING * * *
The fire dragon tramples you but does no damage.
Your hound splashes around in the water.
You pummel the fire dragon!! You tail-slap the fire dragon!
The fire dragon is heavily wounded.
Your hound bites the fire dragon.
The fire dragon breathes flames at you. The blast of flame hits you!!
* * * LOW HITPOINT WARNING * * *
Unknown command.
Unknown command.
As you read the scroll of teleportation, it crumbles to dust.
You feel strangely unstable.
Your hound barely misses the fire dragon.
The fire dragon breathes flames at you. The blast of flame hits you!!
You die...

§≈≈♣♣ ♣♣P≈≈≈...♣♣ ####........#
≈≈♣♣ ♣♣♣≈.♣≈..♣♣#............ ≈♣♣
! ♣♣♣♣≈♣≈≈≈P♣#........_.P. ≈♣
.$♣.♣♣♣♣♣≈≈≈♣#......#.>...
≈≈≈l..≈....≈.♣.♣≈≈.♣#......#.....
P.≈.≈.≈≈≈≈≈≈....≈≈)♣#.....#......
...≈≈≈≈≈≈≈≈≈≈≈.h≈..♣##...########
♣...≈..≈≈≈≈≈≈≈≈D...♣ #.###
♣♣.≈♣..≈≈≈≈≈≈≈.@.♣♣ ### ..♣
♣..≈≈≈≈.♣♣♣♣ ♣♣ ♣♣♣♣♣♣♣♣♣


You could see a fire dragon (catching breath, ally target) and a friendly hound
(summoned).

Vanquished Creatures
  Gastronok (D:8)
  2 hydras
  A centaur warrior (D:10)
  2 catoblepae
  2 boulder beetles
  A death knight (D:11)
  A two-headed ogre (D:9)
  11 death yaks
  Nergalle (Lair:4)
  A skeletal warrior (D:11)
  A lindwurm (Lair:6)
  A swamp dragon (Lair:6)
  2 phantasmal warriors (D:12)
  Pikel (D:7)
  An oklob plant (Lair:5)
  2 cyclopes
  3 manticores (D:12)
  12 elephants
  6 black mambas
  3 centaur zombies
  9 cane toads
  A gargoyle (D:11)
  Maggie (D:6)
  5 rime drakes
  An efreet (D:11)
  7 komodo dragons
  An unseen horror (D:11)
  A freezing wraith (D:12)
  3 trolls
  10 polar bears
  15 blink frogs
  A raiju (Lair:6)
  Grinder (D:5)
  A snapping turtle (Lair:4)
  7 dream sheep (Lair:5)
  2 shadows (D:11)
  A vampire (D:11)
  3 wyverns
  4 basilisks
  A wraith (D:12)
  5 steam dragons
  34 yaks
  6 vampire mosquitoes
  3 nagas (Lair:3)
  4 wargs
  9 water moccasins
  4 acid dragons
  10 hell hounds
  3 swamp drakes (Lair:6)
  2 sky beasts (D:5)
  An ice beast (D:6)
  9 orc warriors
  8 black bears
  32 wolves
  6 ogres
  14 centaurs
  2 lemures
  2 kobold brigands (D:10)
  12 bullfrogs
  A scorpion (D:6)
  A gnoll sergeant (D:12)
  3 killer bees (D:8)
  An electric eel (Lair:4)
  9 wights
  13 howler monkeys
  A spectral centaur (D:6)
  2 hounds
  2 jellies
  2 centaur skeletons (D:6)
  6 orc priests
  4 gnoll shamans
  9 iguanas
  9 orc wizards
  2 killer bee zombies
  2 hound skeletons (D:4)
  A mummy (D:8)
  A howler monkey zombie (D:6)
  5 adders
  12 gnolls
  A shadow imp (D:6)
  A white imp (D:6)
  2 dart slugs (D:3)
  37 orcs
  8 bats
  7 endoplasms
  2 giant cockroaches
  8 goblins
  6 hobgoblins
  6 jackals
  13 kobolds
  3 quokkas
  12 ball pythons
  A frilled lizard (D:1)
  A hobgoblin zombie (D:8)
  2 kobold zombies (D:8)
  An orc zombie (D:8)
  3 rats
496 creatures vanquished.

Vanquished Creatures (collateral kills)
  2 hydras
  A death yak (Lair:4)
  An elephant (Lair:5)
  2 komodo dragons
  A polar bear (Lair:6)
  A shadow (D:12)
  A hell hound (Lair:6)
  A water moccasin (Lair:4)
  4 black bears (Lair:6)
  A wolf (Lair:5)
  An orc (D:11)
16 creatures vanquished.

Vanquished Creatures (others)
  The ghost of bronco the Destroyer, a novice DECj of Vehumet (D:6)
  An orc wizard (D:4)
  45 fungi
  96 plants
143 creatures vanquished.

Grand Total: 655 creatures vanquished

Notes
Turn   | Place    | Note
-------+----------+-------------------------------------------
     0 | D:1      | pkoi the Draconian Gladiator began the quest for the Orb.
     0 | D:1      | Reached XP level 1. HP: 17/17 MP: 1/1
   177 | D:1      | Reached XP level 2. HP: 23/24 MP: 2/2
   222 | D:1      | Found a faded altar of an unknown god.
   295 | D:1      | Reached skill level 4 in Unarmed Combat
   892 | D:1      | Reached XP level 3. HP: 25/29 MP: 3/3
  1878 | D:2      | Reached XP level 4. HP: 36/36 MP: 4/4
  1936 | D:2      | Reached skill level 5 in Unarmed Combat
  2215 | D:3      | Found a bloodstained altar of Trog.
  2283 | D:3      | Found an opulent altar of Gozag.
  2292 | D:3      | Found Tiept's General Store.
  2312 | D:3      | Found a radiant altar of Vehumet.
  2777 | D:4      | Reached XP level 5. HP: 26/41 MP: 5/5
  3163 | D:4      | Reached skill level 6 in Unarmed Combat
  3345 | D:4      | Found a blossoming altar of Fedhas.
  3356 | D:4      | Found a shadowy altar of Dithmenos.
  3484 | D:4      | Became a worshipper of Dithmenos the Shadowed
  3614 | D:4      | Reached XP level 6. HP: 25/48 MP: 3/6
  3652 | D:4      | Reached skill level 7 in Unarmed Combat
  3909 | D:4      | Noticed a water moccasin
  3930 | D:4      | Killed a water moccasin
  4321 | D:4      | HP: 1/48 [ogre (21)]
  4324 | D:4      | Reached skill level 8 in Unarmed Combat
  4324 | D:4      | Your scales start taking on a lurid green colour.
  4324 | D:4      | Reached XP level 7. HP: 2/55 MP: 0/7
  4324 | D:4      | Gained mutation: Your system is resistant to poisons.
                  | (rPois) [Green Draconian growth]
  5012 | D:5      | Entered Level 5 of the Dungeon
  5267 | D:5      | Reached skill level 9 in Unarmed Combat
  5615 | D:5      | Noticed a vampire mosquito
  5615 | D:5      | Noticed a vampire mosquito
  5616 | D:5      | Noticed a vampire mosquito
  5633 | D:5      | HP: 1/55 [vampire mosquito (6)]
  6075 | D:6      | Reached * piety under Dithmenos
  6124 | D:6      | Reached XP level 8. HP: 34/61 MP: 6/8
  6450 | D:6      | Reached skill level 10 in Unarmed Combat
  6450 | D:6      | Found Ugofuits's Lightly-Used Armoury.
  6647 | D:6      | Learned a level 2 spell: Wereblood
  6891 | D:6      | Found a runed translucent gate.
  6892 | D:6      | Found a runed translucent gate.
  6893 | D:6      | Found a runed translucent gate.
  6894 | D:6      | Noticed bronco's ghost (novice DECj)
  6948 | D:6      | Noticed Maggie
  6976 | D:6      | Killed Maggie
  7473 | D:7      | Noticed Pikel
  7508 | D:6      | Reached skill level 1 in Stealth
  7727 | D:7      | Reached XP level 9. HP: 38/72 MP: 5/9
  7808 | D:7      | Killed Pikel
  7809 | D:7      | Reached skill level 5 in Fighting
  8132 | D:7      | Found a hide-covered altar of Uskayaw.
  8169 | D:7      | Noticed a troll
  8480 | D:6      | Killed a troll
  8481 | D:6      | Reached skill level 5 in Dodging
  8481 | D:6      | Reached skill level 11 in Unarmed Combat
  8833 | D:7      | Found a staircase to the Ecumenical Temple.
  8843 | Temple   | Entered the Ecumenical Temple
  9210 | D:7      | Found a runed translucent gate.
  9211 | D:7      | Found a runed translucent gate.
  9212 | D:7      | Found a runed translucent gate.
  9214 | D:7      | Noticed unlimited1921's ghost (novice TrFi)
  9215 | D:7      | Noticed UnfinishedLine's ghost (novice FeVM)
  9215 | D:7      | Noticed spaced's ghost (novice GrMo)
  9215 | D:7      | Noticed pkoi's ghost (novice DrMo)
  9332 | D:7      | Noticed a cyclops
  9343 | D:7      | Killed a cyclops
  9343 | D:7      | Reached ** piety under Dithmenos
  9629 | D:7      | Found a snail-covered altar of Cheibriados.
  9716 | D:7      | Found an ornate altar of the Wu Jian Council.
  9782 | D:8      | Noticed Gastronok
  9799 | D:8      | Killed Gastronok
  9800 | D:8      | Reached skill level 5 in Stealth
  9800 | D:8      | Reached XP level 10. HP: 56/86 MP: 7/10
 10693 | D:8      | Found an ancient bone altar of Kikubaaqudgha.
 10902 | D:8      | Reached skill level 1 in Transmutations
 11085 | D:8      | Reached skill level 1 in Spellcasting
 12253 | D:9      | Reached *** piety under Dithmenos
 12273 | D:9      | Reached XP level 11. HP: 44/90 MP: 6/14
 13226 | D:9      | Noticed a two-headed ogre
 13239 | D:9      | Killed a two-headed ogre
 13240 | D:9      | Reached skill level 12 in Unarmed Combat
 13617 | D:10     | Entered Level 10 of the Dungeon
 13777 | D:10     | Noticed a catoblepas
 13796 | D:10     | Killed a catoblepas
 14191 | D:10     | Noticed a centaur warrior
 14218 | D:10     | Killed a centaur warrior
 14729 | D:10     | Found a staircase to the Orcish Mines.
 14951 | D:10     | Found a basalt altar of Yredelemnul.
 15071 | D:10     | Found a hazy altar of Hepliaklqana.
 15158 | D:10     | Found an iron altar of Okawaru.
 15326 | D:10     | Found a glowing golden altar of the Shining One.
 15569 | D:11     | Noticed a boulder beetle
 15621 | D:11     | Noticed a death yak
 15931 | D:11     | Noticed a death yak
 15937 | D:11     | Noticed a death yak
 16062 | D:10     | Killed a boulder beetle
 16544 | D:11     | Found a staircase to the Lair.
 16569 | D:10     | Killed a death yak
 16937 | D:10     | Killed a death yak
 17517 | D:10     | Killed a death yak
 17762 | D:11     | Reached XP level 12. HP: 103/105 MP: 16/18
 18267 | D:11     | Found a hazy altar of Hepliaklqana.
 18297 | Lair:1   | Entered Level 1 of the Lair of Beasts
 18492 | Lair:1   | Reached skill level 13 in Unarmed Combat
 18546 | Lair:1   | Noticed an eight-headed hydra
 18560 | Lair:1   | Killed an eight-headed hydra
 19712 | Lair:1   | Identified the +5 quarterstaff "Hessuqia" {holy, Will+
                  | Str+2}
 19759 | Lair:2   | Reached skill level 10 in Fighting
 19789 | Lair:1   | Reached **** piety under Dithmenos
 21265 | Lair:2   | Reached skill level 14 in Unarmed Combat
 22669 | Lair:3   | Noticed an eight-headed hydra
 22776 | Lair:2   | Learned a level 3 spell: Call Canine Familiar
 22807 | Lair:3   | Killed an eight-headed hydra
 23231 | Lair:3   | Reached skill level 1 in Summonings
 23352 | Lair:3   | Reached XP level 13. HP: 81/115 MP: 12/19
 23818 | Lair:3   | Found a staircase to the Snake Pit.
 24738 | Lair:3   | Reached skill level 5 in Summonings
 25181 | Lair:4   | Noticed Nergalle
 25189 | Lair:4   | Killed Nergalle
 26532 | D:5      | Noticed Grinder
 26548 | D:5      | Killed Grinder
 28478 | Lair:4   | Found a staircase to the Shoals.
 29097 | Lair:5   | Found a blossoming altar of Fedhas.
 30096 | Lair:5   | Reached skill level 10 in Dodging
 30367 | Lair:5   | Identified the ring "Ypnen" {Ice Will+ Int-5 Slay+2}
 32834 | Lair:6   | Entered Level 6 of the Lair of Beasts
 33885 | Lair:5   | Gained mutation: Your tail ends in a poisonous barb. [Green
                  | Draconian growth]
 33885 | Lair:5   | Reached XP level 14. HP: 80/125 MP: 17/20
 34144 | Lair:5   | Reached skill level 15 in Unarmed Combat
 34510 | Lair:6   | Found a runed translucent door.
 34510 | Lair:6   | Found a shimmering altar of Xom.
 34510 | Lair:6   | Noticed jjjjhere's ghost (journeyman MiBe)
 34550 | Lair:6   | Found a viscous altar of Jiyva.
 34550 | Lair:6   | Found a staircase to the Slime Pits.
 37143 | D:12     | Reached ***** piety under Dithmenos
 39693 | D:6      | Killed bronco's ghost
 39949 | Lair:6   | Reached skill level 1 in Invocations
 40492 | Lair:6   | Reached skill level 16 in Unarmed Combat
 41628 | Lair:6   | Reached skill level 10 in Summonings
 41630 | Lair:6   | Killed from afar by a fire dragon

Illustrated notes

Levels and vault maps discovered:
D:1:      dpeg_arrival_round_a, layout_basic, shapermc_ecumenical_altar_ellora,
          serial_bayou_pond_c, minmay_heptomino_w4
D:2:      layout_loops_ring, minmay_puff
D:3:      layout_basic, mainiacjoe_overflow_surrounded_room,
          mainiacjoe_overflow_concentric_impassable,
          mainiacjoe_overflow_catwalk, serial_shops, shop
D:4:      layout_basic, minitemple, minmay_splitting_lines, grunt_tough_drop
D:5:      layout_cave_pods, kennysheep_crisscross, uniq_grinder
D:6:      layout_basic, gammafunk_ghost_necromancy, minmay_shop_damaged,
          minmay_tree_intersection, uniq_maggie
D:7:      layout_rooms, mainiacjoe_overflow_chevrons,
          mainiacjoe_overflow_24_doors, general_overflow_altar,
          minmay_temple_entry_waves, gammafunk_ghost_cemetery, uniq_pikel
D:8:      kennysheep_seaside_town, layout_loops_ring, lemuel_doored_altar,
          minmay_mini_ossuary, uniq_gastronok
D:9:      layout_loops_ring, grunt_ogre_cave, hangedman_decor_diamond_cutter
D:10:     layout_layer_cave, mainiacjoe_overflow_tiny_flanked,
          mainiacjoe_overflow_alcove_4, nicolae_tso_carved_into_rock,
          mainiacjoe_overflow_brackets, eino_small_chamber_without_monster
D:11:     layout_cross, dpeg_lair_monsters, nicolae_hepliaklqana_hippocampus
D:12:     layout_rooms, onia_ninara_cookie
Temple:   grunt_temple_mini_profane
Lair:1:   layout_roguey, lemuel_fruit_fields, infiniplex_staircase_pool_2
Lair:2:   layout_chaotic_city, beast_lair_carwin_11
Lair:3:   layout_concentric_octagons, minmay_snake_entry_guardpost_small,
          grunt_megastairs_4
Lair:4:   layout_cave_pods, minmay_shoals_entry_hut, beast_lair_carwin_2,
          uniq_nergalle
Lair:5:   layout_cave_pods, serial_bayou_lagoon_a, lemuel_oklob_altar
Lair:6:   guppyfry_lair_end_dragon, layout_cellular_growth,
          hangedman_lair_caniforms_friends, slime_altar_1, ebering_ghost_xom

Skill      XL: |  1  2  3  4  5  6  7  8  9 10 11 12 13 14 |
---------------+-------------------------------------------+-----
Unarmed Combat | 4 5 6 8 9 10 11 12 14 16 | 16.0
Dodging        | 4 6 8 9 10 | 10.4
Fighting       | 4 7 9 10 11 | 11.9
Stealth        | 1 5 6 |  6.0
Transmutations | 2 4 |  4.8
Spellcasting   | 2 4 |  4.0
Summonings     | 3 8 10 | 10.0
Invocations    | 3 |  3.1
Throwing       | |  1.7

Action                   |  1- 3 |  4- 6 |  7- 9 | 10-12 | 13-15 || total
-------------------------+-------+-------+-------+-------+-------++-------
Melee: Unarmed           |   129 |   196 |   245 |   821 |  1033 ||  2424
       Tailslap          |    22 |    20 |    28 |   143 |   210 ||   423
       Punch             |     3 |     4 |    16 |    58 |   105 ||   186
       Quarterstaff      |       |       |       |    14 |       ||    14
Throw: Boomerang         |       |       |       |       |     5 ||     5
 Cast: Wereblood         |       |       |     1 |    14 |     1 ||    16
       Call Canine Famil |       |       |       |     2 |    88 ||    90
 Abil: Breathe Noxious F |       |       |    11 |    19 |     3 ||    33
Evoke: Wand              |       |       |       |     5 |     6 ||    11
  Use: Scroll            |     3 |     1 |    14 |     5 |     5 ||    28
       Potion            |       |     1 |     1 |     1 |     1 ||     4
 Stab: Sleeping          |     1 |     1 |       |    11 |     4 ||    17
       Distracted        |       |     1 |       |     1 |    20 ||    22
       Confused          |       |       |     7 |    19 |     2 ||    28
Armor: Skin              |    37 |    56 |    60 |   185 |   279 ||   617
Dodge: Dodged            |    74 |    99 |   144 |   682 |  1123 ||  2122
